AoeStats
← zonk the cake

Black Forest

510715117Analyzed
4v4 RM · 17h ago on Oct 2, 2026· 63m 29s· 8 players
Game mode
Random Map
Map size
Large (8 player)
Population
200
Speed
Normal
Resources
Standard
Victory
Conquest
Starting age
Dark Age
Ending age
Imperial Age
RankedLock teamsTeams togetherTeam positionsShared explorationLock speedFull tech treeHidden civsTurbo modeCheats
Victory
Defeat
🇷🇺 Mapuche · Russia
1097
+14
🇨🇳 Bohemians · China
1037
+17
🇹🇼 Huns · Taiwan
981
+19
🇹🇼 Celts · Taiwan
981
+19
🇦🇺 Aztecs · Australia
1060
-18
🇦🇺 Varangians · Australia
1060
-18
🇫🇷 Hindustanis · France
1049
-17
🇺🇸 Saxons · United States
1032
-16
yucyuanlin1026
11:19 Feudal Age
10:53 Loom
12:35 Double-Bit Axe
16:07 Castle Age
15:49 Horse Collar
18:05 Bow Saw
19:16 Heavy Plow
23:33 Wheelbarrow
23:47 Loom
25:50 Gold Mining
29:03 Imperial Age
27:07 Hand Cart
26:46 Town Watch
27:50 Gold Shaft Mining
27:27 Stone Mining
27:02 Pikeman
28:30 Town Patrol
30:28 Stone Shaft Mining
30:01 Onager
31:07 Halberdier
32:12 Siege Onager
36:41 Conscription
36:36 Furor Celtica
37:12 Forging
37:03 Scale Mail Armor
39:10 Iron Casting
38:50 Chain Mail Armor
38:49 Arson
42:13 Blast Furnace
41:44 Plate Mail Armor
45:22 Stronghold
53:28 Caravan
56:03 Siege Engineers
56:10 Masonry
56:20 Ballistics
57:01 Chemistry
55:58 Murder Holes
57:22 Chemistry
Ehco
1:42 Loom
14:03 Feudal Age
18:53 Castle Age
16:50 Double-Bit Axe
19:05 Wheelbarrow
38:21 Imperial Age
37:58 Chemistry
37:09 Fortified Wall
37:49 Hand Cart
38:18 Caravan
40:13 Bow Saw
39:53 Houfnice
41:05 Conscription
41:27 Pikeman
42:08 Squires
41:32 Elite Hussite Wagon
42:04 Halberdier
43:30 Scale Mail Armor
43:41 Forging
43:21 Fletching
44:03 Padded Archer Armor
49:48 Chain Mail Armor
50:08 Iron Casting
49:28 Bodkin Arrow
49:50 Leather Archer Armor
49:43 Scale Barding Armor
50:05 Wagenburg Tactics
52:16 Plate Mail Armor
52:46 Blast Furnace
53:32 Hussite Reforms
xxxx
9:25 Feudal Age
15:13 Castle Age
14:20 Horse Collar
14:51 Double-Bit Axe
16:21 Bow Saw
16:49 Heavy Plow
18:06 Loom
26:18 Wheelbarrow
26:11 Gold Mining
26:12 Stone Mining
27:59 Gold Shaft Mining
26:47 Elite Skirmisher
29:10 Stone Shaft Mining
29:05 Hand Cart
33:07 Imperial Age
30:30 Pikeman
31:19 Fletching
31:30 Padded Archer Armor
31:41 Forging
31:31 Scale Mail Armor
33:23 Coinage
33:35 Town Watch
34:23 Crop Rotation
33:14 Halberdier
34:10 Malon
34:32 Conscription
34:39 Caravan
34:17 Capped Ram
36:02 Iron Casting
35:42 Chain Mail Armor
35:22 Bodkin Arrow
35:43 Leather Archer Armor
36:12 Butalmapu
35:48 Elite Kona
37:08 Town Patrol
40:12 Blast Furnace
39:42 Plate Mail Armor
39:44 Ring Archer Armor
42:13 Chemistry
41:33 Ballistics
42:44 Arson
44:58 Champi Runner
46:48 Heavy Scorpion
48:15 Siege Engineers
48:24 Masonry
47:59 Arrowslits
48:10 Murder Holes
52:12 Elite Bolas Rider
samtu
0:26 Loom
12:06 Feudal Age
14:13 Double-Bit Axe
18:35 Castle Age
16:27 Horse Collar
18:28 Town Watch
18:42 Stone Mining
19:45 Bow Saw
19:37 Heavy Plow
26:26 Gold Mining
28:40 Wheelbarrow
32:51 Imperial Age
31:18 Gold Shaft Mining
31:26 Hand Cart
31:13 Town Patrol
31:08 Fletching
32:06 Padded Archer Armor
32:04 Bodkin Arrow
32:10 Padded Archer Armor
32:27 Husbandry
32:55 Heavy Cavalry Archer
34:00 Parthian Tactics
34:12 Thumb Ring
34:19 Bracer
34:35 Leather Archer Armor
34:10 Light Cavalry
35:03 Bloodlines
34:13 Light Cavalry
35:39 Ballistics
36:09 Leather Archer Armor
36:52 Conscription
37:56 Chemistry
40:51 Two-Man Saw
42:09 Scale Barding Armor
42:14 Forging
41:26 Hussar
47:32 Chain Barding Armor
47:47 Iron Casting
47:51 Elite Tarkan
48:34 Marauders
49:17 Plate Barding Armor
48:43 Capped Ram
51:08 Siege Ram
59:31 Caravan
60:05 Coinage
59:47 Guilds
Target Him9038
7:49 Loom
10:47 Feudal Age
15:08 Castle Age
13:49 Double-Bit Axe
16:27 Bow Saw
16:27 Gold Mining
21:23 Horse Collar
23:04 Heavy Plow
22:59 Stone Mining
25:59 Forging
30:19 Imperial Age
28:26 Wheelbarrow
28:32 Iron Casting
27:58 Scale Mail Armor
29:24 Gambesons
29:39 Squires
29:25 Arson
29:02 Man-at-Arms
30:15 Hand Cart
31:17 Chain Mail Armor
31:58 Conscription
31:00 Shield Wall
31:07 Long Swordsman
33:03 Chemistry
34:03 Two-Man Saw
32:32 Two-Handed Swordsman
34:39 Plate Mail Armor
34:05 Fletching
33:40 Champion
33:44 Pikeman
34:17 Capped Ram
35:38 Padded Archer Armor
35:04 Halberdier
35:20 Elite Hearth Troop
36:46 Crop Rotation
38:41 Town Watch
38:24 Elite Varangian Guard
39:26 Town Patrol
43:43 Bodkin Arrow
44:04 Leather Archer Armor
43:50 Treadmill Crane
44:31 Ballistics
44:08 Murder Holes
44:19 Siege Engineers
44:25 Fortified Wall
48:26 Siege Ram
50:53 Bracer
51:24 Ring Archer Armor
52:23 Masonry
52:05 Guard Tower
52:58 Husbandry
53:09 Bloodlines
52:19 Light Cavalry
54:01 Light Cavalry
56:27 Scale Barding Armor
55:46 Hussar
57:18 Gold Shaft Mining
57:39 Chain Barding Armor
Lester
11:22 Feudal Age
16:51 Castle Age
15:06 Double-Bit Axe
15:14 Horse Collar
17:49 Loom
23:55 Heavy Plow
29:31 Wheelbarrow
31:35 Imperial Age
29:31 Town Watch
30:04 Gold Mining
30:34 Masonry
30:30 Padded Archer Armor
30:37 Scale Barding Armor
31:41 Hand Cart
31:29 Town Patrol
33:36 Chemistry
33:19 Shatagni
33:41 Conscription
33:24 Grand Trunk Road
34:03 Hoardings
35:08 Leather Archer Armor
35:06 Forging
35:19 Caravan
36:47 Bow Saw
37:24 Gold Shaft Mining
38:13 Fortified Wall
38:10 Siege Engineers
39:39 Stone Mining
55:21 Husbandry
55:32 Bloodlines
54:43 Heavy Camel Rider
57:41 Chain Barding Armor
57:57 Iron Casting
57:12 Imperial Camel Rider
Themot
0:36 Loom
11:31 Feudal Age
18:20 Castle Age
16:03 Horse Collar
16:12 Double-Bit Axe
21:02 Heavy Plow
21:23 Bow Saw
26:17 Gold Mining
26:17 Stone Mining
26:51 Stone Mining
28:00 Caravan
29:10 Wheelbarrow
28:49 Forging
28:39 Scale Mail Armor
28:49 Scale Mail Armor
30:28 Iron Casting
29:59 Squires
29:45 Arson
32:05 Chain Mail Armor
35:10 Imperial Age
33:55 Hand Cart
35:40 Gold Shaft Mining
35:40 Stone Shaft Mining
36:14 Elite Jaguar Warrior
37:39 Conscription
37:42 Garland Wars
37:59 Plate Mail Armor
38:29 Blast Furnace
46:02 Crop Rotation
48:20 Onager
50:42 Siege Onager
55:52 Pikeman
zonk the cake
0:27 Loom
14:51 Feudal Age
18:30 Castle Age
17:56 Double-Bit Axe
17:55 Horse Collar
24:20 Fletching
26:51 Heavy Plow
28:51 Wheelbarrow
30:49 Hand Cart
31:32 Scale Barding Armor
31:38 Forging
31:24 Bodkin Arrow
31:50 Bloodlines
31:41 Husbandry
34:50 Imperial Age
33:11 Caravan
33:34 Bow Saw
33:59 Chain Barding Armor
33:57 Stone Mining
33:58 Gold Mining
33:58 Vendel Legacy
36:28 Cavalier
37:58 Forging
39:45 Two-Man Saw
39:16 Crop Rotation
41:16 Iron Casting
41:37 Plate Barding Armor
43:31 Gothikon
43:32 Elite Jarl
43:36 Elite Varangian Guard
44:18 Squires
44:04 Arson
45:22 Bodkin Arrow
47:43 Conscription
55:42 Blast Furnace
Connection lost

Rejoining the realm…

Still unreachable

The connection could not be restored.

Session expired

The server has moved on; the page needs a fresh start.